 Dungeon Crawl Stone Soup version 0.25.0-3-gd7cc5688da (webtiles) character file.

Game seed: 8149069931097715893

548 HungrySpirit the Chopper (level 6, 0/51 HPs)
             Began as a Demigod Warper on June 15, 2020.
             Slain by a quokka (2 damage)
             ... summoned by Eustachio
             ... on level 5 of the Dungeon.
             The game lasted 00:05:45 (3406 turns).

HungrySpirit the Chopper (Demigod Warper)           Turns: 3406, Time: 00:05:45

Health: 0/51       AC:  6    Str: 16 (18) XL:     6   Next: 79%
Magic:  11/11      EV: 11    Int: 16 (17) God:
Gold:   229        SH:  0    Dex: 12 (15) Spells: 8/8 levels left

rFire    . . .     SeeInvis .   h - +3 short sword
rCold    . . .     Gourm    .   (no shield)
rNeg     . . .     Faith    .   g - +0 ring mail
rPois    .         Spirit   .   (no helmet)
rElec    .         Reflect  .   o - +0 cloak (curse)
rCorr    .         Harm     .   (no gloves)
MR       .....                  (no boots)
Stlth    +.........             (no amulet)
HPRegen  0.17/turn              (no ring)
MPRegen  0.12/turn              (no ring)

@: very slightly contaminated
A: high mp 1
a: no special abilities


You were on level 5 of the Dungeon.
You were hungry.

You visited 1 branch of the dungeon, and saw 5 of its levels.

You collected 229 gold pieces.

Inventory:

Hand Weapons
 a - a +0 hand axe
 h - a +3 short sword (weapon)
 p - a +2 dagger of holy wrath
Missiles
 b - a javelin (quivered)
 v - 7 datura-tipped darts
 x - 4 boomerangs
Armour
 g - a +0 ring mail (worn)
 o - a cursed +0 cloak (worn)
Jewellery
 m - an uncursed ring of fire
Wands
 i - a wand of iceblast (9)
 w - a wand of paralysis (8)
Scrolls
 d - a scroll of blinking
 k - a scroll of teleportation
 n - a scroll of fear
 q - a scroll of enchant armour {unknown}
 s - a scroll of fog {unknown}
 y - a scroll of random uselessness {unknown}
 B - a scroll of identify {unknown}
Potions
 c - 2 potions of degeneration
 j - 2 potions of lignification
 l - 2 potions of berserk rage {unknown}
 r - a potion of haste {unknown}
 t - a potion of stabbing {unknown}
 u - 2 potions of curing {unknown}
Comestibles
 f - 7 rations
 z - 2 chunks of flesh


   Skills:
 + Level 3.4 Fighting
 + Level 2.7 Short Blades
 * Level 4.7 Axes
 - Level 0.8 Throwing
 + Level 3.0 Armour
 - Level 1.7 Dodging
 - Level 1.7 Spellcasting
   Level 2.6 Translocations


You had 8 spell levels left.
You didn't know any spells.
Your spell library contained the following spells:

 Spells                   Type           Power        Failure   Level  Hunger
 Blink                    Tloc           N/A          21%         2    ###....
 Shroud of Golubria       Chrm/Tloc      #.....       34%         2    ###....
 Gell's Gravitas          Tloc           ##........   36%         3    ####...
 Lesser Beckoning         Tloc           ##........   36%         3    ####...
 Teleport Other           Tloc           ##......     36%         3    ####...
 Passage of Golubria      Tloc           N/A          78%         4    #####..


Dungeon Overview and Level Annotations

Branches:
Dungeon (5/15)
 Temple: D:4-7

Annotations:
D:5 Eustachio


Innate Abilities, Weirdness & Mutations

You have an increased reservoir of magic. (+10% MP)


Message History

The quokka bites you but does no damage.
Eustachio hits you but does no damage.
You hit Eustachio.
Eustachio is almost dead.
The iron imp disappears in a puff of smoke!
The bat hits you but does no damage. x2
The white imp gestures at you. The puff of frost hits you!
* * * LOW HITPOINT WARNING * * *
The quokka bites you but does no damage.
The iron imp hits you!
* * * LOW HITPOINT WARNING * * *
Eustachio mumbles some strange words.
Eustachio blinks!
It was a potion of degeneration.
There was something very wrong with that liquid.
You feel weakened.
You feel dopey.
You feel clumsy. The bat barely misses you. The quokka barely misses you.
The bat hits you but does no damage. The quokka bites you.
You die...

.................#
.............####.#
.####....##...# ##
##..####..# #.@.#
##.# ......## ..#
%..##...###.# ...
#..5ยง.#..#.
#@55...(#
.......br....##
...###.####..(# ##
+.. #


You could see Eustachio, an iron imp (summoned), a quasit (summoned), a white
imp (summoned), a quokka (summoned) and a bat (summoned).

Vanquished Creatures
  An ogre (D:4)
  2 orc priests (D:3)
  2 hounds (D:4)
  Jessica (D:3)
  An iguana (D:4)
  2 worker ants
  2 orc wizards (D:3)
  A hound skeleton (D:4)
  4 gnolls (D:4)
  3 adders
  An ooze (D:2)
  A worm (D:4)
  A dart slug (D:4)
  4 leopard geckos
  8 orcs
  A ball python (D:4)
  7 giant cockroaches
  6 hobgoblins
  7 jackals (D:1)
  2 quokkas
  7 bats
  7 frilled lizards
  5 goblins
  7 kobolds
  2 quokka skeletons (D:4)
  8 rats
93 creatures vanquished.

Vanquished Creatures (collateral kills)
  A worker ant (D:5)
1 creature vanquished.

Grand Total: 94 creatures vanquished

Notes
Turn   | Place    | Note
-------+----------+-------------------------------------------
     0 | D:1      | HungrySpirit the Demigod Warper began the quest for the
                  | Orb.
     0 | D:1      | Reached XP level 1. HP: 17/17 MP: 5/5
   119 | D:1      | Reached skill level 1 in Armour
   122 | D:1      | Reached skill level 2 in Axes
   235 | D:1      | Reached XP level 2. HP: 20/24 MP: 7/7
   772 | D:1      | Reached XP level 3. HP: 28/29 MP: 8/8
   800 | D:1      | Reached skill level 1 in Short Blades
  1484 | D:3      | Noticed Jessica
  1511 | D:3      | Killed Jessica
  1511 | D:3      | Reached skill level 3 in Axes
  1511 | D:3      | Reached XP level 4. HP: 29/37 MP: 9/9
  1592 | D:3      | Reached XP level 5. HP: 42/42 MP: 10/10
  2328 | D:4      | Reached skill level 4 in Axes
  2359 | D:4      | Reached XP level 6. HP: 29/51 MP: 11/11
  3280 | D:5      | Entered Level 5 of the Dungeon
  3397 | D:5      | Noticed Eustachio
  3405 | D:5      | HP: 2/51 [iron imp[Eustachio] (10)]
  3406 | D:5      | Slain by a quokka

Illustrated notes

Levels and vault maps discovered:
D:1:      zaba_arrival_water, layout_rooms
D:2:      layout_rooms, first_ration
D:3:      layout_loops_ring, uniq_jessica
D:4:      layout_basic, chequers_arboretum
D:5:      layout_layer_cave, nicolae_overflow_crystal_walls, vehumet_crystals,
          serial_shops, shop, ebering_ghost_reflecting_pool,
          gup_sewer_entry_bowl, basic_altar, uniq_eustachio

Skill      XL: |  1  2  3  4  5  6 |
---------------+-------------------+-----
Armour         | 1 2 3 |  3.0
Axes           | 2 3 4 |  4.7
Fighting       | 2 3 |  3.4
Short Blades   | 1 2 |  2.7
Throwing       | |  0.8
Dodging        | |  1.7
Spellcasting   | |  1.7
Translocations | |  2.6

Action                   |  1- 3 |  4- 6 || total
-------------------------+-------+-------++-------
Melee: Short sword       |   170 |   163 ||   333
       Hand axe          |     9 |       ||     9
Throw: Javelin           |       |    12 ||    12
       Boomerang         |       |     5 ||     5
       Dart              |       |     1 ||     1
  Use: Potion            |       |     2 ||     2
       Scroll            |       |     5 ||     5
  Eat: Chunk             |     2 |     6 ||     8
Armor: Leather armour    |    45 |       ||    45
       Ring mail         |    21 |    47 ||    68
       Skin              |       |    37 ||    37
Dodge: Dodged            |   145 |   100 ||   245
